 Dungeon Crawl Stone Soup version 0.28.0-43-g3370ac3207 (webtiles) character file.

Game seed: 10067675071019169955

118 Ablot the Grasshopper (level 5, 0/43 HPs)
             Began as a Gnoll Warper on Mar 27, 2022.
             Succumbed to a scorpion's poison
             ... on level 3 of the Dungeon.
             The game lasted 00:03:44 (3864 turns).

Ablot the Grasshopper (Gnoll Warper)                Turns: 3864, Time: 00:03:44

Health: 0/43       AC:  4    Str: 12    XL:     5   Next: 2%
Magic:  10/12      EV: 12    Int: 13    God:
Gold:   87         SH:  0    Dex: 11    Spells: 12/14 levels left

rFire   . . .      SeeInvis .   a - +0 spear
rCold   . . .      Faith    .   (no shield)
rNeg    . . .      Spirit   .   b - +0 leather armour
rPois   .          Reflect  .   (no helmet)
rElec   .          Harm     .   s - +0 cloak
rCorr   .          Rampage  .   (no gloves)
Will    .....                   (no boots)
Stlth   +.........              (no amulet)
HPRegen 0.14/turn               (no ring)
MPRegen 0.13/turn               (no ring)

@: lethally poisoned (0 -> -7), on blink cooldown
A: fangs 1, strong nose, distributed training
a: no special abilities


You were on level 3 of the Dungeon.
You visited 1 branch of the dungeon, and saw 4 of its levels.

You collected 165 gold pieces.
You spent 78 gold pieces at shops.

Inventory:

Hand Weapons
 a - a +0 spear (weapon)
Missiles
 d - 5 boomerangs of dispersal (quivered)
 f - 91 stones
 g - 34 bolts
 k - 21 arrows
Armour
 b - a +0 leather armour (worn)
 s - a +0 cloak (worn)
Scrolls
 c - a scroll of blinking
 e - 4 scrolls of identify {unknown}
 h - 2 scrolls of vulnerability {unknown}
 o - 2 scrolls of enchant weapon {unknown}
 p - a scroll of teleportation {unknown}
 q - a scroll of immolation {unknown}
 r - a scroll of brand weapon {unknown}
Potions
 i - 2 potions of flight {unknown}
 j - 3 potions of haste {unknown}
 l - 3 potions of curing {unknown}
 m - 2 potions of ambrosia {unknown}
 n - a potion of mutation {unknown}


   Skills:
 + Level 4.7 Fighting
 + Level 1.3 Short Blades
 + Level 1.3 Long Blades
 + Level 1.3 Axes
 + Level 1.3 Maces & Flails
 + Level 4.7 Polearms
 + Level 1.3 Staves
 + Level 1.3 Slings
 + Level 1.3 Bows
 + Level 1.3 Crossbows
 + Level 2.8 Throwing
 + Level 2.8 Armour
 + Level 4.7 Dodging
 + Level 1.3 Stealth
 + Level 1.3 Shields
 + Level 1.3 Unarmed Combat
 + Level 5.1 Spellcasting
 + Level 1.0 Conjurations
 + Level 1.0 Hexes
 + Level 1.0 Summonings
 + Level 1.0 Necromancy
 + Level 5.5 Translocations
 + Level 1.0 Transmutations
 + Level 1.0 Fire Magic
 + Level 1.0 Ice Magic
 + Level 1.0 Air Magic
 + Level 1.0 Earth Magic
 + Level 1.0 Poison Magic
 + Level 1.4 Invocations
 + Level 1.3 Evocations


You had 12 spell levels left.
You knew the following spells:

 Your Spells              Type           Power      Damage    Failure   Level
a - Blink                 Tloc           34%        N/A       3%          2

Your spell library contained the following spells:

 Spells                   Type           Power      Damage    Failure   Level
 Gell's Gravitas          Tloc           17%        N/A       8%          3
 Lesser Beckoning         Tloc           17%        N/A       8%          3
 Teleport Other           Tloc           17%        N/A       8%          3
 Frozen Ramparts          Ice            12%        1d3       41%         3
 Manifold Assault         Tloc           17%        N/A       56%         5
 Ice Form                 Ice/Tmut       6%         N/A       83%         4
 Summon Ice Beast         Ice/Summ       6%         N/A       83%         4
 Summon Forest            Summ/Tloc      5%         N/A       86%         5
 Summon Mana Viper        Hex/Summ       6%         N/A       99%         5
 Summon Cactus Giant      Summ           3%         N/A       100%        6


Dungeon Overview and Level Annotations

Branches:
Dungeon (4/15)
 Temple: D:4-7

Altars:
Cheibriados

Shops:
D:2 *

Annotations:
D:2 1 runed translucent door, exclusion: door, Crazy Yiuf


Innate Abilities, Weirdness & Mutations

You have very sharp teeth.
Your uncanny sense of smell can sniff out nearby items.
Your experience applies equally to all skills.


Message History

You kill the orc!
You have reached level 5!
You hit the orc.
The orc is lightly wounded.
The orc closely misses you.
You barely miss the orc.
The orc is lightly wounded.
The orc closely misses you.
You hit the orc.
You kill the orc!
Items here: )) [ †.
Items here: )) [ †.
Okay, then.
You start resting.
A scorpion is nearby!
There is a stone staircase leading up here.
The scorpion closely misses you.
You climb upwards.
There is a stone staircase leading down here.
You hit the scorpion.
The scorpion is moderately wounded.
The scorpion stings you.
You are poisoned.
The scorpion poisons you!
You hit the scorpion.
The scorpion is heavily wounded.
You feel very sick. The scorpion misses you.
You hit the scorpion.
The scorpion is heavily wounded.
You feel sick. The scorpion closely misses you.
You barely miss the scorpion.
You bite the scorpion, but do no damage.
The scorpion is heavily wounded.
You feel sick. The scorpion stings you!
* * * LOW HITPOINT WARNING * * *
Casting: Blink (safe; 3% risk of failure)
Confirm with . or Enter, or press ? or * to list all spells.
You blink.
You die...

#.#.# #.##.## #..#
#.#.# #....# #..#
#.#.# ###### #..#
#.#.# #...
#.#.###########.##
#.#.............#
#.###############
#.# #.....# #@#
#.##.## #### #s#
#.##.# #... #§#
#.##†# #.##
#.####.##.# #.#
#......##.#####.#
#########.......#
#########


You could see a scorpion.

Vanquished Creatures
  An orc wizard (D:4)
  2 adders (D:3)
  A worm (D:2)
  5 orcs
  4 bats
  7 endoplasms
  8 hobgoblins
  4 jackals
  3 quokkas
  9 ball pythons
  3 frilled lizards
  5 goblins
  3 kobolds (D:2)
  8 rats
63 creatures vanquished.

Notes
Turn   | Place    | Note
-------+----------+-------------------------------------------
     0 | D:1      | Ablot the Gnoll Warper began the quest for the Orb.
     0 | D:1      | Reached XP level 1. HP: 20/20 MP: 6/6
   215 | D:1      | Reached XP level 2. HP: 21/26 MP: 7/7
   218 | D:1      | Learned a level 2 spell: Blink
  1092 | D:2      | Reached XP level 3. HP: 31/31 MP: 9/9
  1107 | D:2      | Reached skill level 5 in Spellcasting
  1464 | D:2      | Reached skill level 1 in Invocations
  1957 | D:2      | Found Wopumogo's Assorted Antiques.
  1965 | D:2      | Bought a glowing blue potion for 18 gold pieces
  1965 | D:2      | Bought a yellow potion for 18 gold pieces
  1965 | D:2      | Bought a scroll labelled IFAOQI LIET for 21 gold pieces
  1965 | D:2      | Bought a scroll labelled IFAOQI LIET for 21 gold pieces
  1999 | D:2      | Reached skill level 1 in Short Blades
  1999 | D:2      | Reached skill level 1 in Long Blades
  1999 | D:2      | Reached skill level 1 in Axes
  1999 | D:2      | Reached skill level 1 in Maces & Flails
  1999 | D:2      | Reached skill level 1 in Staves
  1999 | D:2      | Reached skill level 1 in Slings
  1999 | D:2      | Reached skill level 1 in Bows
  1999 | D:2      | Reached skill level 1 in Crossbows
  1999 | D:2      | Reached skill level 1 in Stealth
  1999 | D:2      | Reached skill level 1 in Shields
  1999 | D:2      | Reached skill level 1 in Unarmed Combat
  1999 | D:2      | Reached skill level 1 in Evocations
  2057 | D:2      | Found a snail-covered altar of Cheibriados.
  2265 | D:2      | Found a runed translucent door.
  2266 | D:2      | Noticed Crazy Yiuf
  2797 | D:3      | Reached XP level 4. HP: 38/38 MP: 11/11
  3598 | D:4      | Noticed a scorpion
  3717 | D:4      | Reached skill level 1 in Conjurations
  3717 | D:4      | Reached skill level 1 in Hexes
  3717 | D:4      | Reached skill level 1 in Summonings
  3717 | D:4      | Reached skill level 1 in Necromancy
  3717 | D:4      | Reached skill level 1 in Transmutations
  3717 | D:4      | Reached skill level 1 in Fire Magic
  3717 | D:4      | Reached skill level 1 in Ice Magic
  3717 | D:4      | Reached skill level 1 in Air Magic
  3717 | D:4      | Reached skill level 1 in Earth Magic
  3717 | D:4      | Reached skill level 1 in Poison Magic
  3819 | D:4      | Reached XP level 5. HP: 14/43 MP: 12/12
  3863 | D:3      | HP: 2/43 [scorpion (8)]
  3864 | D:3      | Succumbed to a scorpion's poison

Illustrated notes

Levels and vault maps discovered:
D:1:      dpeg_arrival_brainrot, layout_loops_ring
D:2:      layout_loops_ring, serial_shops, nicolae_shop_crystal, basic_altar,
          uniq_crazy_yiuf_cottage
D:3:      layout_basic
D:4:      layout_rooms, minmay_pentangle, uniq_duvessa, uniq_blork_the_orc

Skill      XL: |  1  2  3  4 |
---------------+-------------+-----
Spellcasting   | 5 |  5.1
Invocations    | 1 |  1.4
Short Blades   | 1 |  1.3
Long Blades    | 1 |  1.3
Axes           | 1 |  1.3
Maces & Flails | 1 |  1.3
Staves         | 1 |  1.3
Slings         | 1 |  1.3
Bows           | 1 |  1.3
Crossbows      | 1 |  1.3
Stealth        | 1 |  1.3
Shields        | 1 |  1.3
Unarmed Combat | 1 |  1.3
Evocations     | 1 |  1.3
Conjurations   | 1 |  1.0
Hexes          | 1 |  1.0
Summonings     | 1 |  1.0
Necromancy     | 1 |  1.0
Transmutations | 1 |  1.0
Fire Magic     | 1 |  1.0
Ice Magic      | 1 |  1.0
Air Magic      | 1 |  1.0
Earth Magic    | 1 |  1.0
Poison Magic   | 1 |  1.0
Fighting       | |  4.7
Polearms       | |  4.7
Throwing       | |  2.8
Armour         | |  2.8
Dodging        | |  4.7
Translocations | |  5.5

Action                   |  1- 3 |  4- 6 || total
-------------------------+-------+-------++-------
Melee: Spear             |   178 |    88 ||   266
       Bite              |    12 |     7 ||    19
       Punch             |     1 |       ||     1
 Cast: Blink             |       |     1 ||     1
 Stab: Sleeping          |     5 |     1 ||     6
Armor: Leather armour    |    29 |    13 ||    42
Dodge: Dodged            |    79 |    38 ||   117
